AoeStats
← from-the-river-to-the-sea

Arabia

510755843Analyzed
1v1 RM · 6h ago on Oct 2, 2026· 42m 45s· 2 players
Game mode
Random Map
Map size
Tiny (2 player)
Population
200
Speed
Normal
Resources
Standard
Victory
Conquest
Starting age
Dark Age
Ending age
Imperial Age
RankedLock teamsTeams togetherTeam positionsShared explorationLock speedFull tech treeHidden civsTurbo modeCheats
Victory
Defeat
1021
+15
🇩🇪 Aztecs · Germany
996
-15
Mayshen
4:09 Loom
9:42 Feudal Age
16:01 Man-at-Arms
16:41 Arson
17:22 Forging
24:35 Castle Age
23:02 Scale Mail Armor
23:26 Double-Bit Axe
24:47 Elite Skirmisher
26:03 Town Watch
27:24 Guard Tower
28:13 Fletching
28:24 Padded Archer Armor
31:33 Gold Mining
33:10 Squires
35:31 Eagle Warrior
36:46 Bodkin Arrow
38:20 Leather Archer Armor
from-the-river-to-the-sea
9:31 Feudal Age
10:00 Double-Bit Axe
9:56 Horse Collar
10:19 Man-at-Arms
11:31 Loom
19:17 Fletching
21:45 Castle Age
19:48 Gold Mining
22:06 Wheelbarrow
22:36 Thumb Ring
23:09 Bodkin Arrow
23:32 Bloodlines
24:08 Bow Saw
24:30 Heavy Plow
26:37 Stone Mining
26:45 Stone Mining
30:58 Husbandry
30:50 Town Watch
35:06 Hand Cart
35:29 Stone Shaft Mining
37:15 Scale Barding Armor
37:21 Forging
40:53 Imperial Age
38:38 Husbandry
42:38 Bracer
42:59 Chain Barding Armor
43:15 Iron Casting
Connection lost

Rejoining the realm…

Still unreachable

The connection could not be restored.

Session expired

The server has moved on; the page needs a fresh start.